 Dungeon Crawl Stone Soup version 0.29-a0-824-gd827844252 (webtiles) character file.

Game seed: 13846365402409611261

17 Malachi the Ducker (level 2, 12/21 HPs)
             Began as an Octopode Berserker on July 10, 2022.
             Was a Follower of Trog.
             Got out of the dungeon alive.
             The game lasted 00:00:19 (270 turns).

Malachi the Ducker (Octopode Berserker)              Turns: 270, Time: 00:00:19

Health: 12/21      AC:  1    Str: 16    XL:     2   Next: 62%
Magic:  2/2        EV: 13    Int:  9    God:    Trog [*.....]
Gold:   16         SH:  0    Dex: 11    Spells: 1/1 levels left

rFire   . . .      SeeInvis .   a - +0 short sword
rCold   . . .      Faith    .   (no shield)
rNeg    . . .      Spirit   .   (helmet restricted)
rPois   .          Reflect  .   (no amulet)
rElec   .          Harm     .   (no ring)
rCorr   .          Rampage  .   (no ring)
Will    .....                   (no ring)
Stlth   ++........              (no ring)
HPRegen 0.07/turn               (no ring)
MPRegen 0.08/turn               (no ring)
                                (no ring)
                                (no ring)

@: no status effects
A: almost no armour, amphibious, 8 rings, camouflage 1, gelatinous body 1,
(nimble swimmer 1), tentacles
a: Renounce Religion, Berserk


You escaped.
You worshipped Trog.
Trog was aware of your devotion.
You visited 1 branch of the dungeon, and saw 1 of its levels.

You collected 16 gold pieces.

Inventory:

Hand Weapons
 a - a +0 short sword (weapon)
Scrolls
 b - a scroll of poison {unknown}
 c - a scroll of immolation {unknown}
 d - a scroll of summoning {unknown}


   Skills:
 + Level 3.2 Fighting
 + Level 3.2 Short Blades
 + Level 3.3 Dodging
 + Level 0.5 Stealth


You had one spell level left.
You didn't know any spells.
Your spell library was empty.

Dungeon Overview and Level Annotations

Branches:
Dungeon (1/15)

Altars:


Innate Abilities, Weirdness & Mutations

You cannot wear most types of armour.
You are amphibious.
You can wear up to eight rings at the same time.
Your skin changes colour to match your surroundings (Stealth+).
Your rubbery body absorbs attacks. (AC +1, EV +1)
((You are camouflaged when in or above water. (Stealth+)))
You have tentacles for arms and can constrict up to eight enemies at once.


Message History

The helpless rat fails to defend itself.
You hit the rat.
You kill the rat!
Trog accepts your kill. The rat bites you.
You hit the rat. You grab the rat. You squeeze the rat.
You kill the rat!
Trog accepts your kill. The dart slug launches a dart at you.
The slug dart hits you. The dart slug launches a dart at you.
The slug dart hits you.
You hit the dart slug. You grab the dart slug.
The dart slug is heavily wounded.
You constrict the dart slug. The dart slug launches a dart at you.
The slug dart hits you.
You are too injured to fight recklessly!
You are too injured to fight recklessly!
You are too injured to fight recklessly!
You are too injured to fight recklessly!
You are too injured to fight recklessly!
Unknown command.
A dart slug is nearby!
You can't go up here!
You are too injured to fight recklessly!
You hit the dart slug.
You kill the dart slug!
Trog accepts your kill.
You see here a dart slug corpse.
d - a scroll labelled YCHUKHA SEUNN
There is an open door here.
You see here a +0 dagger.
You see here a +0 mace.
There is an open door here.
There is a staircase leading out of the dungeon here.
Unknown command.
Unknown command.
Are you sure you want to leave the Dungeon?
This will make you lose the game!
You have escaped!

#######. ####+####
#....... ##PP#.#PP##
#....... ##P≈≈#.#.PP##
#.......
##P≈≈≈#.#...P####.).....
#P≈≈≈≈#.#....P#..)).....
#P≈≈≈≈#.#..P.P#.#.......
#######.#######.##.#####
+......@......'.##.#
#######.#######.##.#
#P....#.#≈≈≈≈P#.##.#
#P....#.#≈≈≈≈P#.##.#
##PPPP#.#≈≈≈P##.##.#
##P.P#.#≈≈P##..##†#
##PP#.#PP## .###.#
####+#### #.# #†#


There were no monsters in sight!

Vanquished Creatures
  3 dart slugs (D:1)
  A bat (D:1)
  2 endoplasms (D:1)
  A goblin (D:1)
  A ball python (D:1)
  A kobold (D:1)
  3 rats (D:1)
12 creatures vanquished.

Notes
Turn   | Place    | Note
-------+----------+-------------------------------------------
     0 | D:1      | Malachi the Octopode Berserker began the quest for the Orb.
     0 | D:1      | Reached XP level 1. HP: 16/16 MP: 1/1
   117 | D:1      | Reached XP level 2. HP: 21/21 MP: 2/2
   270 | D:$      | Got out of the dungeon alive.

Illustrated notes

Levels and vault maps discovered:
D:1:      psy_arrival_terrarium, layout_basic,
          dreamdust_ecumenical_altar_statues

Action                   || total
-------------------------++-------
Melee: Short sword       ||    19
       Constrict         ||     6
       Tentacles         ||     4
 Stab: Sleeping          ||     4
Armor: Skin              ||     1
Dodge: Dodged            ||     6

Table legend: (Time is in decaauts)
 A = Elapsed time spent in this place.
 B = Non-inter-level travel time spent in this place.
 C = Inter-level travel time spent in this place.
 D = Time resting spent in this place.
 E = Time spent auto-exploring this place.
 F = Levels seen in this place.
 G = Mean time per level.
                   A        B        C        D        E       F      G
               +--------+--------+--------+--------+--------+-----+--------+
         Total |    269 |    210 |     59 |      0 |    152 |   1 |  269.0 |
       Dungeon |    269 |    210 |     59 |      0 |    152 |   1 |  269.0 |
               +--------+--------+--------+--------+--------+-----+--------+

Top non-repeatable levels by time:
     D:1: 269 daAuts
